 Dungeon Crawl Stone Soup version 0.27-a0-506-g2188dfaaa0 (webtiles) character file.

Game seed: 3217208097870097187

134 Morbidden the Skirmisher (level 4, -10/36 HPs)
             Began as a Demonspawn Fighter on Mar 3, 2021.
             Killed from afar by a white imp (11 damage)
             ... with a puff of frost
             ... summoned by Natasha
             ... on level 2 of the Dungeon.
             The game lasted 00:01:37 (1726 turns).

Morbidden the Skirmisher (Demonspawn Fighter)       Turns: 1726, Time: 00:01:37

Health: -10/36     AC:  6    Str: 17    XL:     4   Next: 95%
Magic:  13/13      EV:  7    Int: 10    God:
Gold:   36         SH:  9    Dex: 12    Spells: 3/3 levels left

rFire    . . .     SeeInvis .   a - +0 long sword
rCold    . . .     Faith    .   c - +0 kite shield
rNeg     . . .     Spirit   .   b - +0 scale mail
rPois    .         Reflect  .   (no helmet)
rElec    .         Harm     .   (no cloak)
rCorr    .         Rampage  .   (no gloves)
Will     .....                  (no boots)
Stlth    ..........             (no amulet)
HPRegen  0.12/turn              d - ring of magical power
MPRegen  0.13/turn              (no ring)

@: lethally poisoned (-10 -> -12)
A: talons 1
a: no special abilities


You were on level 2 of the Dungeon.
You visited 1 branch of the dungeon, and saw 2 of its levels.

You collected 36 gold pieces.

Inventory:

Hand Weapons
 a - a +0 long sword (weapon)
Missiles
 f - 16 poisoned darts (quivered)
Armour
 b - a +0 scale mail (worn)
 c - a +0 kite shield (worn)
Jewellery
 d - a ring of magical power (left hand)
Scrolls
 e - a scroll of identify {unknown}
 g - a scroll of teleportation {unknown}
 h - a scroll of amnesia {unknown}
 i - a scroll of random uselessness {unknown}
 j - a scroll of blinking {unknown}


   Skills:
 * Level 3.6 Fighting
 * Level 3.1 Long Blades
 + Level 3.4 Armour
 + Level 0.4 Dodging
 + Level 0.3 Stealth
 + Level 3.1 Shields


You had 3 spell levels left.
You didn't know any spells.
Your spell library was empty.

Dungeon Overview and Level Annotations

Branches:
Dungeon (2/15)

Altars:

Annotations:
D:2 Natasha


Innate Abilities, Weirdness & Mutations

You have sharp toenails.


Message History

You feel sick.
Natasha, Servant of Life and Death comes into view.
She is carrying a wand of random effects (4).
Natasha casts a spell.
Natasha mumbles some strange words.
You block the crimson imp's attack.
There are monsters nearby!
You closely miss the crimson imp.
You feel sick. The white imp hits you. The white imp freezes you.
The crimson imp blinks!
There are monsters nearby!
You are too injured to fight recklessly!
You are too injured to fight recklessly!
There are monsters nearby!
You are too injured to fight recklessly!
You are too injured to fight recklessly!
Unknown command.
Natasha casts a spell.
The white imp barely misses you.
You closely miss Natasha. You claw Natasha.
Natasha is lightly wounded.
You feel sick. Natasha claws you.
The white imp sputters.
The white imp gestures at you. The puff of frost hits you!
* * * LOW HITPOINT WARNING * * *
The crimson imp blinks!
The white imp barely misses you. You block Natasha's attack.
The white imp hits you but does no damage.
Unknown command.
Unknown command.
You barely miss Natasha.
Natasha is lightly wounded.
You block the white imp's attack.
Natasha stares at you and mumbles some strange words.
The magic dart hits you.
* * * LOW HITPOINT WARNING * * *
The crimson imp hits you but does no damage.
You block the white imp's attack. The white imp gestures at you.
The puff of frost hits you!
You die...

#. #.# #####.#### #.#
#......... #.#
#......... #.#
#......... #.#
#......... #.# #....##
#h##########......
###.#@5.$...........##
#...55..#######.######
#.....††......#.# #
#........####.#.# #
#.......... #.# #
#........#.# #.#
#....<...#... #.#
#........# ####.#
#>........ ..#


You could see Natasha, a crimson imp (summoned) and 2 white imps.

Vanquished Creatures
  A worker ant (D:2)
  Natasha (twice) (D:2)
  An ooze (D:1)
  A dart slug (D:1)
  3 leopard geckos (D:2)
  2 ball pythons (D:2)
  2 giant cockroaches
  5 goblins
  10 hobgoblins
  4 jackals (D:2)
  4 kobolds
  6 bats
  A frilled lizard (D:1)
  6 rats
48 creatures vanquished.

Notes
Turn   | Place    | Note
-------+----------+-------------------------------------------
     0 | D:1      | Morbidden the Demonspawn Fighter began the quest for the
                  | Orb.
     0 | D:1      | Reached XP level 1. HP: 18/18 MP: 1/1
    65 | D:1      | Gained mutation: You have sharp toenails. [demonic
                  | ancestry]
    65 | D:1      | Reached XP level 2. HP: 4/24 MP: 2/2
   610 | D:1      | Reached XP level 3. HP: 29/29 MP: 3/3
   810 | D:2      | Noticed Natasha
   835 | D:2      | Killed Natasha
  1171 | D:2      | Reached XP level 4. HP: 25/35 MP: 4/4
  1705 | D:2      | Noticed Natasha
  1710 | D:2      | Killed Natasha
  1721 | D:2      | Noticed Natasha
  1726 | D:2      | HP: 1/36 [Natasha/magic dart (1)]
  1726 | D:2      | Killed from afar by a white imp

Illustrated notes

Levels and vault maps discovered:
D:1:      dpeg_arrival_refuge, layout_rooms
D:2:      layout_basic, uniq_natasha

Skill      XL: |  1  2  3  4 |
---------------+-------------+-----
Armour         | 3 |  3.4
Long Blades    | 2 3 |  3.1
Shields        | 3 |  3.1
Fighting       | |  3.6
Dodging        | |  0.4
Stealth        | |  0.3

Action                   |  1- 3 |  4- 6 || total
-------------------------+-------+-------++-------
Melee: Long sword        |    93 |    38 ||   131
       Kick              |    17 |    11 ||    28
  Use: Potion            |     1 |       ||     1
Armor: Scale mail        |    77 |    16 ||    93
Dodge: Dodged            |    36 |    16 ||    52
Block: Kite shield       |    60 |    22 ||    82
       Rpst.: Long sword |    10 |     5 ||    15

Table legend: (Time is in decaauts)
 A = Elapsed time spent in this place.
 B = Non-inter-level travel time spent in this place.
 C = Inter-level travel time spent in this place.
 D = Time resting spent in this place.
 E = Time spent auto-exploring this place.
 F = Levels seen in this place.
 G = Mean time per level.
                   A        B        C        D        E       F      G
               +--------+--------+--------+--------+--------+-----+--------+
         Total |   1803 |   1785 |     18 |      0 |   1436 |   2 |  901.5 |
       Dungeon |   1803 |   1785 |     18 |      0 |   1436 |   2 |  901.5 |
               +--------+--------+--------+--------+--------+-----+--------+

Top non-repeatable levels by time:
     D:2: 1009 daAuts
     D:1: 793 daAuts
